 Dungeon Crawl Stone Soup version 0.30-a0-758-gc2c871d025 (webtiles) character file.

Game seed: 16471744799087838108

41 DEFE the Chopper (level 3, 0/45 HPs)
             Began as a Djinni Berserker on Feb 10, 2023.
             Was a Believer of Trog.
             Slain by Jessica
             ... wielding a +0 club
              (3 damage)
             ... on level 2 of the Dungeon.
             The game lasted 00:01:12 (1095 turns).

DEFE the Chopper (Djinni Berserker)                 Turns: 1095, Time: 00:01:12

Health: 0/45       AC:  7    Str: 24    XL:     3   Next: 75%
Gold:   93         EV: 11    Int:  8    God:    Trog [**....] SH:  0 Dex: 12

rFire   + + .      SeeInvis .    a - +0 hand axe
rCold   x . .      Faith    .    (no shield)
rNeg    . . .      Spirit   .    c - +0 ring mail
rPois   ∞          Reflect  .    (no helmet)
rElec   .          Harm     .    g - +0 cloak
rCorr   .          Rampage  .    p - +0 pair of gloves
Will    .....                    (boots unavailable) Stlth
                                 (no amulet)
HPRegen 0.27/turn                f - +6 ring of strength
MPRegen 0.00/turn                (no ring)

@: berserking, flying, very quick
A: sickness immunity, fire resistance 2, cold vulnerability 1, float, innate
caster, HP casting, extra vitality 1
a: Renounce Religion, Berserk, Trog's Hand


You were on level 2 of the Dungeon.
You worshipped Trog.
Trog was pleased with you.
You visited 1 branch of the dungeon, and saw 2 of its levels.

You collected 93 gold pieces.

Inventory:

Hand Weapons
 a - a +0 hand axe (weapon)
 o - a +1 short sword of draining
Armour
 b - a +0 animal skin
 c - a +0 ring mail (worn)
 g - a +0 cloak (worn)
 p - a +0 pair of gloves (worn)
Jewellery
 f - a +6 ring of strength (left hand)
 j - a ring of resist corrosion
Scrolls
 d - a scroll of blinking {unknown}
 e - 2 scrolls of fog {unknown}
 k - a scroll of fear {unknown}
 m - a scroll of magic mapping {unknown}
 n - a scroll of teleportation {unknown}
Potions
 h - a potion of curing {unknown}
 i - a potion of flight {unknown}
 l - a potion of lignification {unknown}


   Skills:
 - Level 3.0 Fighting
 + Level 3.6 Axes
 - Level 2.0 Armour
 - Level 2.1 Dodging


You had one spell level left.
You knew the following spells:

 Your Spells              Type           Power      Damage    Failure   Level
a - Kiss of Death         Conj/Necr      0%         2d5       56%         1
Your spell library was empty.

Dungeon Overview and Level Annotations

Branches:
Dungeon (2/15)

Altars:
Xom

Annotations:
D:2 Jessica


Innate Abilities, Weirdness & Mutations

You are immune to sickness and miasma.
You are immune to poison.
Your flesh is very heat resistant. (rF++)
You are vulnerable to cold. (rC-)
You float through the air rather than walking.
You learn spells naturally, not from books.
Your magical power is your life essence.
You have superior vitality. (+4 MHP)


Message History

Health restored: 30 You hit Jessica but do no damage.
Jessica misses you.
Unknown command.
You hit Jessica but do no damage.
Jessica mumbles some strange words.
Jessica seems to speed up.
Jessica barely misses you.
Unknown command.
You completely miss Jessica. Jessica barely misses you.
You hit Jessica. Jessica barely misses you.
Jessica gestures at you while chanting. Pain shoots through your body!
You barely miss Jessica. Jessica hits you with a +0 club.
Jessica barely misses you.
You are too injured to fight recklessly!
Unknown command.
Unknown command.
You take 15 damage, and have 15/30 hp.
MASSIVE DAMAGE!!
You are too injured to fight recklessly!
Unknown command.
You closely miss Jessica. Jessica barely misses you.
Unknown command.
You hit Jessica. Jessica barely misses you. Jessica casts a spell at you.
Pain shoots through your body!
* * * LOW HITPOINT WARNING * * *
You take 9 damage, and have 6/30 hp.
MASSIVE DAMAGE!!
You barely miss Jessica. Jessica hits you but does no damage. x2
Unknown command.
Unknown command.
Okay, then.
A red film seems to cover your vision as you go berserk!
You feel yourself moving faster!
You feel mighty! Jessica barely misses you.
You now have 9/45 hp.
Unknown command.
You barely miss Jessica. Jessica hits you with a +0 club!
* * * LOW HITPOINT WARNING * * *
Jessica hits you with a +0 club.
You die...

..################
.................#
################.#
#.# #.# #.# #.#
####+## #.#
......# #@#
......## #@#
........ ..#
......# ####
......## ......[.
######## ..## ...#


You could see Jessica (fast).

Vanquished Creatures
  2 dart slugs
  4 ball pythons
  7 endoplasms
  A giant cockroach (D:1)
  A goblin (D:1)
  5 hobgoblins
  3 quokkas
  2 bats (D:1)
  2 frilled lizards (D:1)
  2 kobolds
  4 rats
33 creatures vanquished.

Notes
Turn   | Place    | Note
-------+----------+-------------------------------------------
     0 | D:1      | DEFE the Djinni Berserker began the quest for the Orb.
     0 | D:1      | Reached XP level 1. HP: 20/20 MP: 0/0
    74 | D:1      | Reached XP level 2. HP: 25/25 MP: 0/0
    89 | D:1      | Found a faded altar of an unknown god.
   235 | D:1      | Reached XP level 3. HP: 30/30 MP: 0/0
   235 | D:1      | Learned a level 1 spell: Kiss of Death
   700 | D:2      | Reached ** piety under Trog
   982 | D:2      | Found a shimmering altar of Xom.
  1078 | D:2      | Noticed Jessica
  1095 | D:2      | Slain by Jessica

Illustrated notes

Levels and vault maps discovered:
D:1:      nzn_arrival_crosshair, layout_rooms,
          ebering_ecumenical_altar_abandoned, roderic_malta_cross
D:2:      layout_basic, basic_altar, uniq_natasha, uniq_jessica

Skill      XL: |  1  2 |
---------------+-------+-----
Axes           | 3 |  3.6
Fighting       | |  3.0
Armour         | |  2.0
Dodging        | |  2.1

Action                     || total
---------------------------++-------
  Melee: Hand axe          ||    89
 Invoke: Berserk           ||     1
 Armour: Ring mail         ||    26
  Dodge: Dodged            ||    48

Table legend: (Time is in decaauts)
 A = Elapsed time spent in this place.
 B = Non-inter-level travel time spent in this place.
 C = Inter-level travel time spent in this place.
 D = Time resting spent in this place.
 E = Time spent auto-exploring this place.
 F = Levels seen in this place.
 G = Mean time per level.
                   A        B        C        D        E       F      G
               +--------+--------+--------+--------+--------+-----+--------+
         Total |   1105 |   1097 |      8 |      0 |    845 |   2 |  552.5 |
       Dungeon |   1105 |   1097 |      8 |      0 |    845 |   2 |  552.5 |
               +--------+--------+--------+--------+--------+-----+--------+

Top non-repeatable levels by time:
     D:1: 631 daAuts
     D:2: 474 daAuts
